 Dungeon Crawl Stone Soup version 0.17.1-3-g152610e (webtiles) character file.

530 Charly the Cleaver (level 7, -1/56 HPs)
             Began as a Hill Orc Gladiator on Apr 26, 2016.
             Was an Initiate of Makhleb.
             Killed by divine providence
             ... invoked by an orc priest
              (12 damage)
             ... on level 7 of the Dungeon.
             The game lasted 00:10:26 (802 turns).

Charly the Cleaver (Hill Orc Gladiator)              Turns: 802, Time: 00:10:26

Health: -1/56      AC:  7    Str: 23    XL:     7   Next: 24%
Magic:  7/7        EV: 11    Int:  5    God:    Makhleb [......]
Gold:   116        SH:  0    Dex: 13    Spells: 0 memorised, 6 levels left

rFire  . . .     SeeInvis .     a - +1 war axe
rCold  + . .     Clarity  .     g - +0 ring mail
rNeg   . . .     SustAt   .     (no shield)
rPois  .         Gourm    .     c - +0 helmet
rElec  .         Spirit   .     n - +0 cloak
rCorr  .         Warding  .     (no gloves)
rMut   .         Stasis   .     (no boots)
MR     .....                    (no amulet)
Stlth  +.........               i - -3 ring of intelligence (curse)
                                l - ring of protection from cold

@: mighty, very slightly contaminated, hasted, very quick, not resistant to
hostile enchantments, very unstealthy
A: no striking features
a: Renounce Religion, Convert to Beogh


You were on level 7 of the Dungeon.
You worshipped Makhleb.
Makhleb was noncommittal.
You were not hungry.

You visited 2 branches of the dungeon, and saw 8 of its levels.

You collected 116 gold pieces.

Inventory:

Hand Weapons
 a - a +1 war axe (weapon)
Armour
 c - a +0 helmet (worn)
 g - a +0 ring mail (worn)
 n - a +0 cloak (worn)
Jewellery
 i - a cursed -3 ring of intelligence (right hand)
 l - a ring of protection from cold (left hand)
Wands
 k - a wand of magic darts (0)
Scrolls
 b - a scroll of noise {unknown}
 j - 2 scrolls of remove curse
Potions
 h - a potion of agility
 o - a potion of mutation {unknown}
Comestibles
 e - 2 bread rations


   Skills:
 - Level 2.4 Fighting
 + Level 10.4 Axes
 - Level 1.7 Throwing
 - Level 2.4 Dodging


You had 6 spell levels left.
You didn't know any spells.

Dungeon Overview and Level Annotations

Branches:
Dungeon (7/15)             Temple (1/1) D:6

Altars:
Ashenzari
Cheibriados
Dithmenos
Elyvilon
Fedhas
Gozag
Kikubaaqudgha
Makhleb
Nemelex Xobeh
Qazlal
Ru
Sif Muna
Trog
Vehumet
Xom
Yredelemnul
Zin

Annotations:
D:5 Menkaure


Message History

You completely miss something.
Unknown command.
The orc priest hits you but does no damage.
Something hits you but does no damage. The orc barely misses you.
Found a stone staircase leading down.
Things that are here:
a short sword; a falchion; an orc corpse You barely miss the orc priest.
You slash the orc!
You kill the orc!
Makhleb accepts your kill.
You slash something! Makhleb accepts your kill.
You feel a bit more experienced.
The orc priest shouts, "Beogh is our master!
Accept the truth or die!"
The orc priest shouts, "Join the one true god or die!"
You slash the orc priest!
The orc priest is severely wounded.
The orc priest invokes the aid of Beogh against you.
Something smites you!
You die...

......# ......# #..##.
......# ...... ......#
...... ......##
###...... .......##
###........ ........#
###..........
........####............
...............)@o......
#...............#)......
##...........####.......
##.......#### #...#..
##...#### >..... ##..#
#..... #..## ..... #..#
..... #..#


You could see an orc priest.

Vanquished Creatures
  An ice beast (D:7)
  3 ogres (D:7)
  A giant frog (D:7)
  An orc priest (D:7)
  An orc wizard (D:7)
  A hound skeleton (D:4)
  An adder (D:3)
  An ooze (D:5)
  2 adder skeletons (D:4)
  A worm (D:3)
  2 giant geckos
  4 orcs
  4 giant cockroaches
  A hobgoblin (D:1)
  A quokka (D:6)
  3 kobolds
28 creatures vanquished.

Notes
Turn   | Place    | Note
--------------------------------------------------------------
     0 | D:1      | Charly the Hill Orc Gladiator began the quest for the Orb.
     0 | D:1      | Reached XP level 1. HP: 18/18 MP: 1/1
    38 | D:2      | Found a sparkling altar of Nemelex Xobeh.
   102 | D:2      | Reached XP level 2. HP: 25/25 MP: 2/2
   132 | D:2      | Found a sacrificial altar of Ru.
   136 | D:2      | Found a bloodstained altar of Trog.
   141 | D:2      | Found a shimmering altar of Xom.
   179 | D:3      | Reached skill level 5 in Axes
   230 | D:3      | Reached XP level 3. HP: 24/30 MP: 3/3
   286 | D:2      | Found a stormy altar of Qazlal.
   330 | D:5      | Entered Level 5 of the Dungeon
   358 | D:4      | Reached skill level 6 in Axes
   526 | D:5      | Noticed Menkaure
   539 | D:6      | Found a staircase to the Ecumenical Temple.
   548 | Temple   | Entered the Ecumenical Temple
   603 | Temple   | Became a worshipper of Makhleb the Destroyer
   674 | D:7      | Reached XP level 4. HP: 37/37 MP: 4/4
   703 | D:7      | Noticed a giant frog
   709 | D:7      | Killed a giant frog
   709 | D:7      | Reached skill level 7 in Axes
   750 | D:7      | Noticed an ogre
   756 | D:7      | Noticed an ogre
   761 | D:7      | Noticed an ogre
   765 | D:7      | Killed an ogre
   765 | D:7      | Reached skill level 8 in Axes
   765 | D:7      | Reached XP level 5. HP: 38/42 MP: 5/5
   766 | D:7      | Killed an ogre
   766 | D:7      | Reached skill level 9 in Axes
   766 | D:7      | Reached XP level 6. HP: 45/50 MP: 6/6
   770 | D:7      | Killed an ogre
   786 | D:7      | Noticed an ice beast
   794 | D:7      | Killed an ice beast
   794 | D:7      | Reached skill level 10 in Axes
   794 | D:7      | Reached XP level 7. HP: 13/56 MP: 7/7
   802 | D:7      | Killed from afar by an orc priest

Action                   |  1- 3 |  4- 6 |  7- 9 || total
-------------------------+-------+-------+-------++-------
Melee: War axe           |    56 |    19 |     6 ||    81
Throw: Throwing net      |     5 |     3 |       ||     8
Evoke: Wand              |       |     3 |       ||     3
  Use: Scroll            |     7 |       |       ||     7
       Potion            |       |     2 |       ||     2
 Stab: Held in net/web   |       |     2 |       ||     2
